 Dungeon Sprint DCSS version 0.29-a0-824-gd827844252 (webtiles) character file.

Game seed: 15014976073794527260

1688 mhtbhm the Protected (level 9, 0/93 HPs)
             Began as a Gargoyle Fighter on July 10, 2022.
             Was an Initiate of Gozag.
             Killed from afar by a merfolk aquamancer (24 damage)
             ... with a torrent of water
             ... in the Dungeon (Sprint VII: "The Pits").
             The game lasted 00:02:36 (937 turns).

mhtbhm the Protected (Gargoyle Fighter)              Turns: 937, Time: 00:02:37

Health: 0/93       AC: 24    Str: 29    XL:     9   Next: 2%
Magic:  9/9        EV: 10    Int: 10    God:    Gozag
Gold:   582        SH:  6    Dex:  9    Spells: 8/8 levels left

rFire   . . .      SeeInvis .   a - +1 mace (vorpal)
rCold   . . .      Faith    .   c - +0 buckler
rNeg    + . .      Spirit   .   b - +4 chain mail
rPois   ∞          Reflect  .   t - +0 helmet
rElec   +          Harm     .   (no cloak)
rCorr   .          Rampage  .   (no gloves)
Will    .....      NoTele   +   (no boots)
Stlth   ..........              (no amulet)
HPRegen 0.25/turn               p - +3 ring of strength
MPRegen 0.11/turn               s - +3 ring of strength

@: mighty, brilliant, berserking (expiring), gold aura, invisible, very quick
A: sickness immunity, AC +6, negative energy resistance 1, electricity
resistance, torment resistance 1, petrification resistance
a: Renounce Religion, Potion Petition, Call Merchant, Bribe Branch


You were in the Dungeon.
You worshipped Gozag.
Gozag was pleased with you.
You visited 1 branch You collected 1278 gold pieces.
You paid 696 gold pieces to Gozag.

Inventory:

Hand Weapons
 a - a +1 vorpal mace (weapon)
Missiles
 n - 7 poisoned darts
 o - a curare-tipped dart (quivered)
Armour
 b - a +4 chain mail (worn)
 c - a +0 buckler (worn)
 t - a +0 helmet (worn)
Jewellery
 p - a +3 ring of strength (left hand)
 s - a +3 ring of strength (right hand)
Scrolls
 j - a scroll of blinking
 l - 5 scrolls of amnesia
 m - a scroll of summoning
Potions
 d - a potion of might
 e - 7 potions of curing
 f - 2 potions of heal wounds
 g - 3 potions of haste
 h - 4 potions of magic
 i - a potion of berserk rage
 k - 2 potions of invisibility
 q - 3 potions of mutation
 r - 3 potions of brilliance


   Skills:
 + Level 9.8 Fighting
 + Level 11.0 Maces & Flails
 + Level 11.3 Armour
 + Level 4.0 Dodging
 + Level 3.8 Stealth
 + Level 9.6 Shields


You had 8 spell levels left.
You didn't know any spells.
Your spell library was empty.

Dungeon Overview and Level Annotations

Branches:
Dungeon (1/1)

Altars:
Ashenzari
Cheibriados
Dithmenos
Elyvilon
Fedhas
Gozag
Hepliaklqana
Kikubaaqudgha
Makhleb
Nemelex Xobeh
Okawaru
Qazlal
Ru
Sif Muna
Trog
Uskayaw
Vehumet
Wu Jian
Xom
Yredelemnul
Zin
The Shining One
Jiyva
Lugonu


Innate Abilities, Weirdness & Mutations

You are immune to sickness and miasma.
Your stone body is resilient. (AC +6)
You are immune to poison.
You resist negative energy. (rN+)
You are resistant to electric shocks. (rElec)
You are resistant to unholy torment.
You are immune to petrification.


Message History

Unknown command.
A red film seems to cover your vision as you go berserk!
You feel yourself moving faster!
You feel mighty! The water elemental barely misses you.
The merfolk aquamancer hits you but does no damage.
Unknown command.
Unknown command.
Your unstable footing causes you to fumble your attack.
The water elemental hits you!
The water elemental engulfs you in water!
You barely miss the merfolk aquamancer.
The merfolk aquamancer completely misses you.
Unknown command.
Your unstable footing causes you to fumble your attack.
The water elemental hits you.
The merfolk aquamancer hits you with a +2 vampiric rapier.
You miss the merfolk aquamancer. The water elemental hits you.
Unknown command.
Your unstable footing causes you to fumble your attack.
The merfolk aquamancer hits you but does no damage.
Unknown command.
Your unstable footing causes you to fumble your attack.
The water elemental hits you!
* * * LOW HITPOINT WARNING * * *
The merfolk aquamancer casts a spell at you.
The ball of steam misses you.
Unknown command.
You slip free of the water engulfing you.
The water elemental attacks as you move away!
You block the water elemental's attack. The water engulfing you falls away.
Unknown command.
The merfolk aquamancer attacks as you move away!
The merfolk aquamancer completely misses you.
You feel a strong urge to attack something.
The water elemental is engulfed in a cloud of scalding steam.
The water elemental is destroyed!
The merfolk aquamancer points at you and mumbles some strange words.
The torrent of water hits you!!
You die...
Your body crumbles into a pile of gold.

## .# .#
.###########++###### ###
'##................# ..#
.##......#..#......##..#
.##..............≈mDm..#
..'.............@≈§E'E.#
###......#..#....§≈##.......
.##.............§..# .......
)#####'#####++###### #######
)##.......# )##.......#
[##.......# ###...<...#
.##.......#


You could see a merfolk aquamancer, a merfolk (unable to see you), 2 water
elementals and an acid dragon (unable to see you).

Vanquished Creatures
  2 bog bodies (D)
  A flying skull (D)
  A shadow (D)
  A floating eye (D)
  2 kobold brigands (D)
  A crimson imp (D)
  2 orc priests (D)
  An iguana (D)
  An orc wizard (D)
  A river rat (D)
  An ufetubus (D)
  An orc (D)
  An endoplasm (D)
  2 goblins (D)
  2 quokkas (D)
  2 ball pythons (D)
  A bat (D)
  A frilled lizard (D)
24 creatures vanquished.

Vanquished Creatures (others)
  A water elemental (D)
1 creature vanquished.

Grand Total: 25 creatures vanquished

Notes
Turn   | Place    | Note
-------+----------+-------------------------------------------
     0 | D        | mhtbhm the Gargoyle Fighter began the quest for the Orb.
     0 | D        | Reached XP level 1. HP: 14/14 MP: 1/1
    40 | D        | Found a bloodstained altar of Trog.
    40 | D        | Found a shimmering blue altar of Sif Muna.
    40 | D        | Found a viscous altar of Jiyva.
    40 | D        | Found a hazy altar of Hepliaklqana.
    40 | D        | Found an opulent altar of Gozag.
    41 | D        | Found a glowing golden altar of the Shining One.
    41 | D        | Found a glowing silver altar of Zin.
    41 | D        | Found a basalt altar of Yredelemnul.
    41 | D        | Found a shimmering altar of Xom.
    41 | D        | Found an ornate altar of the Wu Jian Council.
    41 | D        | Found a sacrificial altar of Ru.
    41 | D        | Found a stormy altar of Qazlal.
    41 | D        | Found an iron altar of Okawaru.
    41 | D        | Found a sparkling altar of Nemelex Xobeh.
    41 | D        | Found a burning altar of Makhleb.
    41 | D        | Found a blossoming altar of Fedhas.
    41 | D        | Found a white marble altar of Elyvilon.
    41 | D        | Found a shadowy altar of Dithmenos.
    41 | D        | Found a snail-covered altar of Cheibriados.
    44 | D        | Found a corrupted altar of Lugonu.
    44 | D        | Found a radiant altar of Vehumet.
    45 | D        | Found an ancient bone altar of Kikubaaqudgha.
    45 | D        | Found a hide-covered altar of Uskayaw.
    45 | D        | Found a broken altar of Ashenzari.
    48 | D        | Became a worshipper of Gozag Ym Sagoz the Greedy
   142 | D        | Reached XP level 2. HP: 15/20 MP: 2/2
   274 | D        | Noticed a floating eye
   277 | D        | Paralysed by a floating eye for 4 turns
   279 | D        | Noticed a kobold brigand
   282 | D        | Killed a floating eye
   283 | D        | Reached XP level 3. HP: 27/27 MP: 3/3
   283 | D        | Reached XP level 4. HP: 32/32 MP: 4/4
   294 | D        | Killed a kobold brigand
   295 | D        | Reached XP level 5. HP: 17/37 MP: 5/5
   515 | D        | Noticed a flying skull
   548 | D        | Killed a flying skull
   549 | D        | Reached skill level 1 in Dodging
   549 | D        | Reached skill level 1 in Stealth
   549 | D        | Reached XP level 6. HP: 40/44 MP: 6/6
   675 | D        | Noticed a bog body
   682 | D        | Killed a bog body
   683 | D        | Reached skill level 10 in Armour
   683 | D        | Reached XP level 7. HP: 46/51 MP: 7/7
   683 | D        | Reached XP level 8. HP: 51/56 MP: 8/8
   754 | D        | Noticed a shadow
   754 | D        | Noticed a bog body
   776 | D        | Killed a shadow
   790 | D        | Killed a bog body
   791 | D        | Reached XP level 9. HP: 45/62 MP: 9/9
   917 | D        | Noticed a merfolk aquamancer
   921 | D        | Noticed a merfolk
   937 | D        | Killed from afar by a merfolk aquamancer

Illustrated notes

Levels and vault maps discovered:
D:        pitsprint [storerooms_1, entrance_room_1, metal_vault_8, armoury_1,
          mini_pit_1, grid_room_1, main_hall_1, silver_pit, the_coven_1,
          the_vestibule_1, steel_vault_2, golden_pit, hallway_of_sentries,
          crystal_vault_1, iron_vault_4, final_vault]

Skill      XL: |  1  2  3  4  5  6  7  8 |
---------------+-------------------------+-----
Fighting       | 4 6 7 9 |  9.8
Armour         | 4 6 7 8 10 11 | 11.3
Shields        | 4 6 7 8 9 |  9.6
Maces & Flails | 3 4 6 8 11 | 11.0
Dodging        | 1 2 4 |  4.0
Stealth        | 1 3 |  3.8

Action                   |  1- 3 |  4- 6 |  7- 9 || total
-------------------------+-------+-------+-------++-------
Melee: Mace              |    19 |    69 |    56 ||   144
       Flail             |     1 |       |       ||     1
Invok: Potion Petition   |       |       |     1 ||     1
  Use: Potion            |       |     3 |     3 ||     6
 Stab: Distracted        |       |     1 |       ||     1
Armor: Scale mail        |     9 |    47 |    16 ||    72
       Chain mail        |       |       |     3 ||     3
Dodge: Dodged            |    10 |    18 |    15 ||    43
Block: Buckler           |     3 |    14 |     5 ||    22

Table legend: (Time is in decaauts)
 A = Elapsed time spent in this place.
 B = Non-inter-level travel time spent in this place.
 C = Inter-level travel time spent in this place.
 D = Time resting spent in this place.
 E = Time spent auto-exploring this place.
 F = Levels seen in this place.
 G = Mean time per level.
                   A        B        C        D        E       F      G
               +--------+--------+--------+--------+--------+-----+--------+
         Total |    964 |    964 |      0 |    389 |     72 |   1 |  964.0 |
       Dungeon |    964 |    964 |      0 |    389 |     72 |   1 |  964.0 |
               +--------+--------+--------+--------+--------+-----+--------+

Top non-repeatable levels by time:
       D: 964 daAuts
